 Dungeon Crawl Stone Soup version 0.22-a0-422-g9628fc8 (webtiles) character file.

1199 magipi the Slasher (level 8, -9/61 HPs)
             Began as a Vampire Berserker on May 17, 2018.
             Was a Priest of Trog.
             Mangled by Menkaure (18 damage)
             ... on level 5 of the Dungeon.
             The game lasted 00:13:32 (4199 turns).

magipi the Slasher (Vampire Berserker)              Turns: 4199, Time: 00:13:32

Health: -9/61      AC: 11    Str: 18    XL:     8   Next: 20%
Magic:  8/8        EV:  9    Int:  9    God:    Trog [***...]
Gold:   175        SH:  0    Dex: 14    Spells: 7/7 levels left

rFire    . . .     SeeInvis +   a - +0 long sword
rCold    + . .     Gourm    .   (no shield)
rNeg     + + .     Faith    .   o - +0 chain mail
rPois    +         Spirit   .   d - +0 helmet
rElec    .         Reflect  .   (no cloak)
rCorr    .         Harm     .   (no gloves)
MR       .....                  e - +0 pair of boots
Stlth    ..........             (no amulet)
HPRegen  0.10/turn              (no ring)
MPRegen  0.11/turn              (no ring)

@: regenerating slowly
A: fangs 3, see invisible, unbreathing
a: Bat Form, Berserk, Trog's Hand, Renounce Religion


You were on level 5 of the Dungeon.
You worshipped Trog.
Trog was most pleased with you.
You were near bloodless.

You visited 1 branch of the dungeon, and saw 5 of its levels.

You collected 175 gold pieces.

Inventory:

Hand Weapons
 a - a +0 long sword (weapon)
   (You found it on level 4 of the Dungeon)
 i - a +1 falchion
Armour
 d - a +0 helmet (worn)
   (You found it on level 1 of the Dungeon)
 e - a +0 pair of boots (worn)
   (You found it on level 1 of the Dungeon)
 o - a +0 chain mail (worn)
   (You found it on level 2 of the Dungeon)
 r - a +1 hat
   (You found it on level 5 of the Dungeon)
Jewellery
 h - an uncursed ring of ice
   (You found it on level 1 of the Dungeon)
Scrolls
 b - 3 scrolls of remove curse
 f - 4 scrolls of teleportation
 g - a scroll of blinking {unknown}
 j - 2 scrolls of identify
 p - a scroll of enchant weapon
Potions
 c - 6 potions of blood
 k - a potion of agility
 l - a potion of heal wounds
 m - a potion of haste
 n - a potion of cancellation
 q - a potion of invisibility


   Skills:
 + Level 4.8 Fighting
 * Level 6.9 Long Blades
 + Level 3.9 Armour
 + Level 5.2 Dodging


You had 7 spell levels left.
You didn't know any spells.
Your spell library was empty.

Dungeon Overview and Level Annotations

Branches:
Dungeon (5/15)
 Temple: D:4-7

Altars:

Annotations:
D:5 Menkaure


Innate Abilities, Weirdness & Mutations

You heal slowly.
You have razor-sharp teeth.
You have supernaturally acute eyesight. (SInv)
You can survive without breathing.


Message History

A mysterious force pulls you upwards. The hatch slams shut behind you.
An adder comes into view.
The adder hisses angrily.
You hit the adder.
The adder is heavily wounded.
The adder bites you but does no damage.
You closely miss the adder.
The adder is heavily wounded.
The adder bites you. The adder bites you but does no damage.
You miss the adder.
The adder is heavily wounded.
The adder bites you but does no damage.
You closely miss the adder.
The adder is heavily wounded.
The adder closely misses you.
You riposte.
You closely miss the adder.
The adder is heavily wounded.
You closely miss the adder.
You kill the adder!
Trog accepts your kill.
No target in view!
No target in view!
Yummy - fresh blood!
(D) Dungeon
Where to? (Enter - D:4, ? - help)
What level of the Dungeon? (default 1, ? - help) HP restored.
One of your 10 potions of blood rots away.
You see here a -3 ring of dexterity.
There is a stone staircase leading down here.
You climb downwards.
There is a stone staircase leading up here.
There is a stone staircase leading up here.
Done exploring.
(D) Dungeon
Where to? (Enter - D:4, ? - help)
What level of the Dungeon? (default 1, ? - help)
There is a stone staircase leading up here.
There is a stone staircase leading down here.
You climb downwards.
There is a stone staircase leading up here.
Found a ring mail.
Found a stone staircase leading up.
Menkaure, Prince of Dust comes into view.
Menkaure shouts!
You hear an angry hiss.
You are feeling thirsty.
Found a stone staircase leading up.
Found an embroidered hat.
Found a scroll labeled HIPISENWAI.
You see here an embroidered hat.
r - an embroidered hat
There is a stone staircase leading up here.
Menkaure calls on the powers of darkness!
Your body is wracked with pain!
You climb upwards.
There is a stone staircase leading down here.
You start resting.
HP restored.
You start waiting.
You are feeling very thirsty.
You start waiting.
One of your 9 potions of blood rots away.
You start waiting.
One of your 8 potions of blood rots away.
You start waiting.
Done waiting.
You start waiting.
One of your 7 potions of blood rots away.
You start waiting.
You feel almost devoid of blood!
You climb downwards.
Level annotation: Menkaure Menkaure gestures wildly while chanting.
Menkaure seems to speed up.
There is a stone staircase leading up here.
Your chain mail prevents you from hitting Menkaure.
Menkaure hits you!!
You slash Menkaure!
Menkaure is moderately damaged.
Menkaure closely misses you.
You riposte.
Your chain mail prevents you from hitting Menkaure.
Menkaure is moderately damaged.
Menkaure hits you!
You slash Menkaure!
Menkaure is severely damaged.
Menkaure hits you!
You barely miss Menkaure.
Menkaure is severely damaged.
Menkaure calls on the powers of darkness!
Your body is wracked with pain!
* * * LOW HITPOINT WARNING * * *
You completely miss Menkaure.
Menkaure is severely damaged.
Menkaure hits you.
* * * LOW HITPOINT WARNING * * *
Unknown command.
You aren't carrying any items that you can evoke.
You closely miss Menkaure. You bite Menkaure.
Menkaure is severely damaged.
Menkaure closely misses you. Menkaure hits you!!
You die...

#.#.....##..##.........
#........#..#....[.M...
###.##...#..#..#.......
#.<#......#..#....#.#
#..#..###.#..#.#..<..
#..#......#..#......#
#..#...##.#..........
#..#.M.#####.#
...#.@........
##.#..######.# ..#<.#
##.# ?.# ###


You could see Menkaure.

Vanquished Creatures
  Pikel (D:4)
  A hippogriff (D:4)
  An ogre (D:4)
  The ghost of Borgoz the Covered, an amateur GrFi (D:3)
  A howler monkey (D:4)
  Natasha (thrice) (D:2)
  3 worker ants (D:4)
  8 adders
  3 gnolls (D:2)
  2 oozes
  3 adder skeletons (D:4)
  3 worms (D:2)
  A dart slug (D:4)
  2 leopard geckos
  4 orcs
  3 giant cockroaches
  8 goblins
  7 hobgoblins
  4 jackals (D:4)
  2 quokkas
  5 bats
  4 frilled lizards
  9 kobolds
  7 rats
86 creatures vanquished.

Vanquished Creatures (others)
  An iguana (D:4)
1 creature vanquished.

Grand Total: 87 creatures vanquished

Notes
Turn   | Place    | Note
-------+----------+-------------------------------------------
     0 | D:1      | magipi the Vampire Berserker began the quest for the Orb.
     0 | D:1      | Reached XP level 1. HP: 17/17 MP: 1/1
   188 | D:1      | Reached XP level 2. HP: 16/23 MP: 2/2
   752 | D:1      | Reached ** piety under Trog
   795 | D:2      | Reached XP level 3. HP: 28/28 MP: 3/3
   951 | D:2      | Reached XP level 4. HP: 21/35 MP: 4/4
  1014 | D:2      | Reached skill level 4 in Long Blades
  1075 | D:2      | Noticed Natasha
  1086 | D:2      | Killed Natasha
  1204 | D:2      | Noticed Natasha
  1213 | D:2      | Killed Natasha
  1213 | D:2      | Reached XP level 5. HP: 26/41 MP: 5/5
  1438 | D:2      | Noticed Natasha
  1449 | D:2      | Killed Natasha
  1528 | D:2      | Found a faded altar of an unknown god.
  2080 | D:3      | Noticed Borgoz's ghost (amateur GrFi)
  2105 | D:3      | Killed Borgoz's ghost
  2105 | D:3      | Reached XP level 6. HP: 48/48 MP: 6/6
  2570 | D:4      | Reached skill level 5 in Long Blades
  2573 | D:4      | Reached *** piety under Trog
  2946 | D:4      | Noticed a hippogriff
  2958 | D:4      | Killed a hippogriff
  2958 | D:4      | Reached XP level 7. HP: 41/54 MP: 7/7
  3202 | D:4      | Noticed Pikel
  3216 | D:4      | Killed Pikel
  3216 | D:4      | Reached skill level 6 in Long Blades
  3216 | D:4      | Reached skill level 5 in Dodging
  3216 | D:4      | Reached XP level 8. HP: 61/61 MP: 8/8
  3633 | D:5      | Entered Level 5 of the Dungeon
  3652 | D:5      | Noticed Menkaure
  4199 | D:5      | Mangled by Menkaure

Vault maps used:
D:1:      dpeg_arrival_chambers_temple_mockup
D:2:      chequers_ecumenical_altar_grove, hangedman_decor_clover_reticule,
          uniq_natasha
D:4:      uniq_pikel
D:5:      first_ration, nicolae_dithmenos_shadow_blocks, uniq_menkaure

Skill      XL: |  1  2  3  4  5  6  7 |
---------------+----------------------+-----
Fighting       | 3 4 |  4.8
Armour         | 2 3 |  3.9
Long Blades    | 4 5 6 |  6.9
Dodging        | 3 4 5 |  5.2

Action                   |  1- 3 |  4- 6 |  7- 9 || total
-------------------------+-------+-------+-------++-------
Melee: Falchion          |   103 |   143 |       ||   246
       Bite              |    13 |    25 |    10 ||    48
       Long sword        |       |    27 |    73 ||   100
Invok: Berserk           |       |     3 |     2 ||     5
  Use: Scroll            |       |     9 |     2 ||    11
       Potion            |       |     1 |     4 ||     5
  Eat: Corpse            |     4 |     4 |       ||     8
Armor: Animal skin       |     5 |       |       ||     5
       Scale mail        |    41 |    12 |       ||    53
       Chain mail        |       |    63 |    27 ||    90
Dodge: Dodged            |    55 |    80 |    25 ||   160
       Rpst.: Falchion   |    18 |    22 |       ||    40
       Long sword        |       |     6 |     8 ||    14

Table legend:
 A = Spawn XP
 B = Non-spawn XP
 C = Spawn XP percentage of total XP
 D = Spawn monster count
 E = Non-spawn monster count
 F = Spawn count percentage of total count
 G = Total turns spent on level
                    A         B        C        D         E        F      G
               +---------+---------+-------+---------+---------+-------+---------
         Total |       0 |    1714 |   0.0 |       0 |      86 |   0.0 |  4199
               +---------+---------+-------+---------+---------+-------+---------
           D:1 |       0 |      39 |   0.0 |       0 |      26 |   0.0 |   791
           D:2 |       0 |     238 |   0.0 |       0 |      24 |   0.0 |   907
           D:3 |       0 |     172 |   0.0 |       0 |      15 |   0.0 |   911
           D:4 |       0 |    1265 |   0.0 |       0 |      21 |   0.0 |  1543
               +---------+---------+-------+---------+---------+-------+---------

Action                   |  1- 3 |  4- 6 |  7- 9 || total
-------------------------+-------+-------+-------++-------
Melee: Falchion          |   103 |   143 |       ||   246
       Bite              |    13 |    25 |    10 ||    48
       Long sword        |       |    27 |    73 ||   100
Invok: Berserk           |       |     3 |     2 ||     5
  Use: Scroll            |       |     9 |     2 ||    11
       Potion            |       |     1 |     4 ||     5
  Eat: Corpse            |     4 |     4 |       ||     8
Armor: Animal skin       |     5 |       |       ||     5
       Scale mail        |    41 |    12 |       ||    53
       Chain mail        |       |    63 |    27 ||    90
Dodge: Dodged            |    55 |    80 |    25 ||   160
       Rpst.: Falchion   |    18 |    22 |       ||    40
       Long sword        |       |     6 |     8 ||    14
